 Dungeon Crawl Stone Soup version 0.32-a0-685-g93135e86f0 (webtiles) character file.

Game seed: 5417044569955376857

646 backslashecho the Shooter (level 7, -4/55 HPs)
             Began as a Formicid Hunter on Mar 12, 2024.
             Killed by divine providence
             ... invoked by an orc priest
              (13 damage)
             ... on level 5 of the Dungeon.
             The game lasted 00:06:45 (3385 turns).

backslashecho the Shooter (Formicid Hunter)         Turns: 3385, Time: 00:06:45

Health: -4/55      AC:  3    Str: 15    XL:     7   Next: 82%
Magic:  6/6        EV: 19    Int:  7    God:
Gold:   226        SH:  0    Dex: 23    Spells: 6/6 levels left

rFire   . . .        a - +0 shortbow
rCold   . . .        (no shield)
rNeg    . . .        c - +0 leather armour
rPois   +            (helmet unavailable)
rElec   .            (no cloak)
rCorr   .            (no gloves)
SInv    +            (no boots)
Will    .....        (no amulet)
Stlth   +            q - +5 ring of evasion
HPRegen 1.09/turn    m - ring of poison resistance
MPRegen 0.10/turn

%: no passive effects
@: confused, ambrosia-drunk, attractive
A: permanent stasis, dig shafts and tunnels, antennae 3, four strong arms, agile
1, low MP 1, regeneration 1, inability to read after injury 1
a: Dig, Shaft Self, Convert to Beogh


You were on level 5 of the Dungeon.
You visited 1 branch of the dungeon, and saw 5 of its levels.

You collected 226 gold pieces.

Inventory:

Hand Weapons
 a - a +0 shortbow (weapon)
Missiles
 k - a throwing net (quivered)
Armour
 c - a +0 leather armour (worn)
 p - a +0 tower shield
Jewellery
 g - a ring of protection from fire
 m - a ring of poison resistance (right hand)
 q - a +5 ring of evasion (left hand)
Scrolls
 b - a scroll of butterflies
 e - a scroll of immolation {unknown}
 j - a scroll of fear {unknown}
 o - a scroll of identify {unknown}
Potions
 d - a potion of curing
 h - a potion of resistance {unknown}
 i - a potion of mutation
 n - a potion of haste {unknown}
 r - a potion of might {unknown}
 s - a potion of heal wounds {unknown}
 t - a potion of lignification {unknown}


   Skills:
 + Level 4.7 Fighting
 * Level 6.9 Ranged Weapons
 + Level 4.0 Dodging
 - Level 1.2 Stealth


You had 6 spell levels left.
You didn't know any spells.
Your spell library contained the following spells:

 Spells                   Type           Power      Damage    Failure   Level
 Magic Dart               Conj           0%         1d3       50%         1
 Shock                    Conj/Air       0%         1d3       50%         1
 Searing Ray              Conj           0%         2d4       65%         2
 Static Discharge         Conj/Air       0%         3-3/arc   65%         2
 Airstrike                Air            0%         2d(0-16)  99%         4
 Fulminant Prism          Conj/Alch      0%         3d5       99%         4
 Summon Lightning Spire   Summ/Air       0%         N/A       99%         4
 Swiftness                Air            Unusable   N/A       N/A         3

Dungeon Overview and Level Annotations

Branches:
Dungeon (5/15)
 Temple: D:4-7

Altars:
Ashenzari
Nemelex Xobeh
Wu Jian


Innate Abilities, Weirdness & Mutations

You cannot be hasted, slowed, berserked, paralysed or teleported.
You can dig through walls and to a lower floor.
You have a pair of large antennae on your head. (SInv)
Your four strong arms can wield two-handed weapons with a shield.
You are agile. (Dex +4, Str/Int -1)
Your magical capacity is low. (-10% MP)
Your natural rate of healing is unusually fast.
You occasionally lose the ability to read scrolls when taking damage.


Message History

It was a potion of curing.
You feel better. The orc wizard completely misses you.
The orc priest looks braver for a moment.
You regained 9 hp, and now have 38/55 hp.
You shoot an arrow. The arrow hits the orc wizard.
The orc wizard is severely wounded.
The orc wizard closely misses you.
The orc priest invokes the aid of Beogh against you.
Beogh smites you!
You take 11 damage, and have 27/55 hp.
You shoot an arrow.
The arrow hits the orc wizard but does no damage.
The orc wizard is severely wounded.
The orc wizard points at you and mumbles some strange words.
The magic dart hits you!
* * * LOW HITPOINT WARNING * * *
The orc priest looks encouraged for a moment.
You take 11 damage, and have 16/55 hp.
You shoot an arrow. The arrow hits the orc wizard.
The orc wizard is almost dead.
The orc wizard barely misses you.
An orc comes into view. It is wielding a +0 club.
You shoot an arrow.
The arrow completely misses the orc wizard.
The orc priest shouts, "Surrender to Beogh and we'll let you live!"
The orc shouts!
The arrow hits the orc priest but does no damage.
The orc priest shouts, "Beogh offers mercy even to people such as you.
Join us and be reborn!"
The orc wizard points at you and mumbles some strange words.
The puff of flame misses you.
You shoot an arrow.
The arrow hits the orc wizard but does no damage.
The orc wizard is severely wounded.
The orc priest shouts, "The Pantheon deserves no one's loyalty.
Let us show you the true path!"
The orc priest shouts, "Beogh offers mercy even to people such as you.
Join us and be reborn!"
The orc wizard completely misses you.
An orc priest comes into view. It is wielding a +0 dagger.
You shoot an arrow.
The orc priest shouts, "Beogh offers mercy even to people such as you.
Join us and be reborn!"
The arrow hits the orc wizard!
You kill the orc wizard!
The orc priest shouts, "Surrender to Beogh and we'll let you live!"
Your Dodging skill increases to level 4!
You feel better.
You regained 7 hp, and now have 25/55 hp.
The orc priest looks braver for a moment.
You shoot an arrow. The arrow barely misses the orc priest.
The arrow hits the orc.
The orc is lightly wounded.
The orc priest mumbles some strange prayers to Beogh against you.
Beogh smites you!
* * * LOW HITPOINT WARNING * * *
The orc priest closely misses you.
You take 12 damage, and have 14/55 hp.
MASSIVE DAMAGE!!
You aren't carrying any items that you can evoke.
You shoot an arrow.
The arrow closely misses the orc priest.
The arrow closely misses the orc.
The arrow barely misses the orc priest.
The orc priest shouts, "The Pantheon deserves no one's loyalty.
Let us show you the true path!"
You shoot an arrow.
The arrow closely misses the orc priest.
The orc priest completely misses you. The orc completely misses you.
You shoot an arrow. The arrow hits the orc priest.
The orc priest is lightly wounded.
The orc priest hits you with a +0 flail.
* * * LOW HITPOINT WARNING * * *
The orc closely misses you.
The orc priest looks braver for a moment.
You take 1 damage, and have 14/55 hp.
You shoot an arrow. The arrow hits the orc priest.
The orc priest is moderately wounded.
The orc barely misses you.
The orc priest invokes the aid of Beogh against you.
Beogh smites you!
* * * LOW HITPOINT WARNING * * *
You take 11 damage, and have 3/55 hp.
You feel better. The orc hits you with a +0 club.
* * * LOW HITPOINT WARNING * * *
The orc priest hits you with a +0 flail.
* * * LOW HITPOINT WARNING * * *
You regained 2 hp, and now have 5/55 hp.
It was a potion of attraction.
You feel attractive to monsters. The orc hits you with a +0 club.
* * * LOW HITPOINT WARNING * * *
The orc priest looks encouraged for a moment.
You take 2 damage, and have 3/55 hp.
It was a potion of ambrosia.
You are confused.
You feel invigorated. The orc completely misses you.
The orc priest calls down the wrath of Beogh upon you.
Pain shoots through your body!
* * * LOW HITPOINT WARNING * * *
It was a potion of mutation.
You feel extremely strange.
You occasionally lose the ability to read scrolls when taking damage.
You feel less energetic.
You begin to heal more quickly.
You feel agile. The orc completely misses you.
The orc priest invokes the aid of Beogh against you.
Beogh smites you!
You die...

#....#
#....#
#....#
#....#
#....#
#....#
#
##..##
###
#..#
..##
#@o#
...##
#o##
....#
#o#
....#
#)#
....#
#.#
..<>#
#.#
....#
#..#
....#
#..#
###...
#..#


You could see 2 orc priests and an orc.

Vanquished Creatures
  A water moccasin (D:4)
  An ogre (D:4)
  A scorpion (D:3)
  2 hounds
  An orc priest (D:3)
  3 orc wizards
  4 gnolls (D:2)
  10 adders
  A white imp (D:5)
  2 dart slugs
  10 orcs
  2 bats
  10 endoplasms
  3 giant cockroaches
  7 goblins
  8 hobgoblins
  5 jackals
  2 quokkas (D:2)
  9 ball pythons
  3 frilled lizards
  8 kobolds
  3 rats (D:1)
96 creatures vanquished.

Notes
Turn   | Place    | Note
-------+----------+-------------------------------------------
     0 | D:1      | backslashecho the Formicid Hunter began the quest for the
                  | Orb.
     0 | D:1      | Reached XP level 1. HP: 16/16 MP: 1/1
    48 | D:1      | Reached XP level 2. HP: 23/23 MP: 2/2
   674 | D:2      | Reached XP level 3. HP: 28/28 MP: 3/3
   912 | D:2      | Reached XP level 4. HP: 34/34 MP: 4/4
   969 | D:2      | Reached skill level 5 in Ranged Weapons
  1053 | D:2      | Reached XP level 5. HP: 41/41 MP: 5/5
  1324 | D:3      | Reached XP level 6. HP: 47/47 MP: 6/6
  1357 | D:3      | Found a faded altar of an unknown god.
  1720 | D:3      | Found a broken altar of Ashenzari.
  2308 | D:4      | Noticed an ogre
  2331 | D:3      | Reached skill level 6 in Ranged Weapons
  2584 | D:4      | Noticed a water moccasin
  2604 | D:4      | Reached XP level 7. HP: 45/54 MP: 7/7
  2721 | D:4      | Found an ornate altar of the Wu Jian Council.
  2768 | D:4      | Killed a water moccasin
  3148 | D:4      | Found a sparkling altar of Nemelex Xobeh.
  3231 | D:5      | Entered Level 5 of the Dungeon
  3385 | D:5      | Gained mutation: You occasionally lose the ability to read
                  | scrolls when taking damage. [potion of mutation]
  3385 | D:5      | Gained mutation: Your magical capacity is low. (-10% MP)
                  | [potion of mutation]
  3385 | D:5      | Gained mutation: Your natural rate of healing is unusually
                  | fast. [potion of mutation]
  3385 | D:5      | Gained mutation: You are agile. (Dex +4, Str/Int -1)
                  | [potion of mutation]
  3385 | D:5      | Killed from afar by an orc priest

Illustrated notes

Levels and vault maps discovered:
D:1:      sevenhm_arrival_forest_fort_small_6, layout_loops_cross
D:2:      layout_loops_ring
D:3:      layout_basic, nicolae_ashenzari_skybound,
          ebering_ecumenical_altar_abandoned
D:4:      layout_cave_pools, mainiacjoe_overflow_cross_hatched, kennysheep_mini,
          minmay_misc_feat_tiny
D:5:      layout_cave_pods, kennysheep_mini_moat, serial_shops,
          nicolae_shop_real_fake_doors

Skill      XL: |  1  2  3  4  5  6  7 |
---------------+----------------------+-----
Dodging        | 2 3 4 |  4.0
Fighting       | 3 4 |  4.7
Ranged Weapons | 5 6 |  6.9
Stealth        | |  1.2

Action                     |  1- 3 |  4- 6 |  7- 9 || total
---------------------------+-------+-------+-------++-------
   Fire: Shortbow          |    63 |   186 |    96 ||   345
    Use: Potion            |       |       |     6 ||     6
         Scroll            |       |       |     1 ||     1
 Armour: Leather armour    |     5 |    50 |    16 ||    71
  Dodge: Dodged            |     8 |    73 |    33 ||   114

Table legend: (Time is in decaauts)
 A = Elapsed time spent in this place.
 B = Non-inter-level travel time spent in this place.
 C = Inter-level travel time spent in this place.
 D = Time resting spent in this place.
 E = Time spent auto-exploring this place.
 F = Levels seen in this place.
 G = Mean time per level.
                   A        B        C        D        E       F      G
               +--------+--------+--------+--------+--------+-----+--------+
         Total |   3434 |   3171 |    263 |    137 |   2363 |   5 |  686.8 |
       Dungeon |   3434 |   3171 |    263 |    137 |   2363 |   5 |  686.8 |
               +--------+--------+--------+--------+--------+-----+--------+

Top non-repeatable levels by time:
     D:3: 906 daAuts
     D:2: 895 daAuts
     D:4: 862 daAuts
     D:1: 657 daAuts
     D:5: 111 daAuts
